 Dungeon Crawl Stone Soup version 0.23-a0-451-g1044d4cbad (webtiles) character file.

528 LostNumber the Caller (level 7, -2/52 HPs)
             Began as a Mummy Summoner on Nov 22, 2018.
             Slain by a wraith (12 damage)
             ... in an ossuary.
             The game lasted 00:17:10 (6366 turns).

LostNumber the Caller (Mummy Summoner)              Turns: 6366, Time: 00:17:11

Health: -2/52      AC:  5    Str: 11      XL:     7   Next: 3%
Magic:  7/14       EV: 12    Int: 16      God:
Gold:   316        SH:  0    Dex: 12 (13) Spells: 5/15 levels left

rFire    x . .     SeeInvis .   g - +0 spear
rCold    + . .     Gourm    .   (no shield)
rNeg     + + +     Faith    .   j - +1 robe {MR+}
rPois    ∞         Spirit   .   (no helmet)
rElec    .         Reflect  .   h - +1 cloak
rCorr    .         Harm     .   (no gloves)
MR       +....                  (no boots)
Stlth    ++........             (no amulet)
HPRegen  0.17/turn              (no ring)
MPRegen  0.14/turn              (no ring)

@: slowed, very slow
A: no food or potions, fire vulnerability, cold resistance 1, negative energy
resistance 3, torment resistance, unbreathing
a: no special abilities


You were in an ossuary.
You were not hungry.

You visited 1 branch of the dungeon, and saw 5 of its levels.
You also visited: Ossuary.

You collected 316 gold pieces.

Inventory:

Hand Weapons
 c - a +0 dagger
 g - a +0 spear (weapon)
Armour
 a - a +0 robe
 h - a +1 cloak (worn)
 j - a +1 robe of magic resistance (worn)
 l - a +2 leather armour of magic resistance
 q - a +0 robe
Jewellery
 i - an uncursed ring of ice
Wands
 k - a wand of acid (5)
 o - a wand of enslavement (6)
 t - a wand of digging (5)
Scrolls
 b - 2 scrolls of identify
 d - 2 scrolls of fog
 e - 2 scrolls of blinking
 f - 3 scrolls of remove curse
 m - 2 scrolls of teleportation
 n - a scroll of amnesia
 p - a scroll of enchant weapon
 r - a scroll of enchant armour
 s - a scroll of magic mapping


   Skills:
 + Level 3.0 Fighting
 - Level 1.5 Dodging
 - Level 1.5 Stealth
 + Level 4.7 Spellcasting
 * Level 5.1 Summonings
 * Level 2.5 Ice Magic


You had 5 spell levels left.
You knew the following spells:

 Your Spells              Type           Power        Failure   Level  Hunger
a - Summon Small Mammal   Summ           ###.         1%          1    N/A
b - Call Imp              Summ           ###.....     3%          2    N/A
c - Call Canine Familiar  Summ           ###.....     6%          3    N/A
d - Summon Ice Beast      Ice/Summ       ###.....     32%         4    N/A

Your spell library contained the following spells:

 Spells                   Type           Power        Failure   Level  Hunger
 Confusing Touch          Hex            #.....       16%         1    N/A
 Summon Guardian Golem    Hex/Summ       ##......     17%         3    N/A
 Confuse                  Hex            #.......     43%         3    N/A
 Gell's Gravitas          Tloc           #.........   43%         3    N/A
 Summon Lightning Spire   Summ/Air       ##......     50%         4    N/A
 Petrify                  Tmut/Erth      #.......     83%         4    N/A
 Metabolic Englaciation   Hex/Ice        #.........   95%         5    N/A
 Yara's Violent Unravell  Hex/Tmut       #.........   99%         5    N/A

Dungeon Overview and Level Annotations

Branches:
Dungeon (5/15)
 Temple: D:4-7

Altars:
Ru
Wu Jian

Annotations:
D:4 1 runed door, exclusion: downstairs, SpeedVeins's ghost, amateur DDFi
D:5 Grinder; Ijyb


Innate Abilities, Weirdness & Mutations

You do not eat or drink.
Your flesh is vulnerable to fire.
You are immune to poison.
Your flesh is cold resistant. (rC+)
You are immune to negative energy. (rN+++)
You are immune to unholy pain and torment.
You can survive without breathing.


Message History

Your hound closely misses the wraith.
You closely miss the wraith.
Your hound bites the wraith but does no damage.
Your crimson imp barely misses the wraith.
Your ice beast misses the wraith.
The wraith hits you!
Your hound bites the wraith but does no damage.
Your crimson imp hits the wraith but does no damage.
Your ice beast hits the wraith.
Your ice beast freezes the wraith.
The wraith resists.
The wraith hits you!
* * * LOW HITPOINT WARNING * * *
The wraith drains your vigour!
You feel as though you will be slow longer.
You barely miss the wraith.
The wraith is lightly damaged.
Your hound bites the wraith but does no damage.
Your crimson imp hits the wraith but does no damage. x2
Your hound completely misses the wraith.
Your ice beast closely misses the wraith.
The wraith hits you!
You die...

#################
#.. .........5@Y#
#.+ #..###..##Wh#
#.# #..#z#..#.#5# #
#.###..###..###.# #
#...............#
###.###..!.!..###.#
..'.#z#..!....#z#.#
###.###...!!..###.#
# #...............#


You could see a wraith, a flying skull, a friendly ice beast, a friendly hound
and 2 friendly crimson imps.

Vanquished Creatures
  A quasit (D:3)
  A centaur skeleton (D:3)
  2 bullfrog skeletons (D:4)
  Natasha (twice) (D:3)
  A gnoll (D:3)
  2 adders
  An ooze (D:2)
  An adder zombie (Ossuary)
  A dart slug (D:3)
  A leopard gecko (D:4)
  2 orcs
  3 giant cockroaches
  A goblin (D:2)
  3 hobgoblins
  3 bats
  3 frilled lizards
  2 hobgoblin skeletons (Ossuary)
  4 kobolds
  3 kobold zombies (Ossuary)
  3 orc skeletons (Ossuary)
  3 rats
43 creatures vanquished.

Vanquished Creatures (collateral kills)
  Sigmund (D:4)
  Menkaure (D:5)
  2 wights (Ossuary)
  Natasha (D:3)
  2 worker ants (D:4)
  10 gnolls
  3 adders
  3 worms
  A dart slug (D:3)
  3 leopard geckos
  5 orcs (D:3)
  A giant cockroach (D:4)
  5 goblins
  3 hobgoblins
  4 kobolds
  2 quokkas (D:3)
  5 bats
  A frilled lizard (D:3)
53 creatures vanquished.

Grand Total: 96 creatures vanquished

Notes
Turn   | Place    | Note
-------+----------+-------------------------------------------
     0 | D:1      | LostNumber the Mummy Summoner began the quest for the Orb.
     0 | D:1      | Reached XP level 1. HP: 13/13 MP: 4/4
   636 | D:1      | Reached XP level 2. HP: 20/20 MP: 5/5
   640 | D:1      | Learned a level 2 spell: Call Imp
  1821 | D:2      | Reached skill level 1 in Fighting
  1825 | D:2      | Reached XP level 3. HP: 11/26 MP: 1/7
  2368 | D:2      | Reached skill level 4 in Summonings
  2373 | D:2      | Reached XP level 4. HP: 18/32 MP: 0/9
  2962 | D:3      | Learned a level 3 spell: Call Canine Familiar
  2967 | D:3      | Learned a level 4 spell: Summon Ice Beast
  3242 | D:3      | Reached XP level 5. HP: 20/38 MP: 10/10
  3387 | D:3      | Noticed Natasha
  3399 | D:3      | Killed Natasha
  3821 | D:3      | Reached skill level 1 in Ice Magic
  3824 | D:3      | Noticed Natasha
  3834 | D:3      | Killed Natasha
  4129 | D:3      | Found a sacrificial altar of Ru.
  4300 | D:3      | Noticed Natasha
  4330 | D:3      | Killed Natasha
  4711 | D:4      | Found a runed door.
  4845 | D:4      | Reached XP level 6. HP: 41/46 MP: 8/12
  4846 | D:4      | Found an ornate altar of the Wu Jian Council.
  5275 | D:4      | Noticed SpeedVeins's ghost (amateur DDFi)
  5485 | D:4      | Noticed Sigmund
  5496 | D:4      | Killed Sigmund
  5700 | D:5      | Entered Level 5 of the Dungeon
  5700 | D:5      | Noticed Ijyb
  5777 | D:5      | Noticed Menkaure
  5786 | D:5      | Killed Menkaure
  5786 | D:5      | Reached skill level 5 in Summonings
  5810 | D:5      | Noticed Grinder
  5874 | D:5      | Found a sand-covered staircase.
  5886 | Ossuary  | Entered an ossuary
  6217 | Ossuary  | Noticed a wraith
  6217 | Ossuary  | Noticed a flying skull
  6224 | Ossuary  | Noticed a flying skull
  6246 | Ossuary  | Noticed a flying skull
  6263 | Ossuary  | Reached XP level 7. HP: 35/52 MP: 2/14
  6356 | Ossuary  | Noticed a flying skull
  6359 | Ossuary  | Noticed a flying skull
  6360 | Ossuary  | Noticed a wraith
  6366 | Ossuary  | Slain by a wraith

Vault maps used:
D:1:      beargit_arrival_greenhouse
D:3:      lemuel_doored_altar, first_ration, uniq_natasha
D:4:      overflow_temple_1_default, hellmonk_ghost_happy_afterlife,
          uniq_sigmund
D:5:      enter_ossuary_1, uniq_pikel, uniq_ijyb, uniq_grinder, uniq_menkaure
Ossuary:  ossuary_due_cavern

Skill      XL: |  1  2  3  4  5  6 |
---------------+-------------------+-----
Spellcasting   | 3 4 |  4.7
Fighting       | 1 2 3 |  3.0
Summonings     | 4 5 |  5.1
Ice Magic      | 1 2 |  2.5
Dodging        | |  1.5
Stealth        | |  1.5

Action                   |  1- 3 |  4- 6 |  7- 9 || total
-------------------------+-------+-------+-------++-------
Melee: Dagger            |    54 |       |       ||    54
       Unarmed           |    10 |       |       ||    10
       Spear             |    23 |   211 |     3 ||   237
 Cast: Summon Small Mamm |     9 |     1 |       ||    10
       Call Imp          |    14 |    31 |     2 ||    47
       Call Canine Famil |       |    18 |       ||    18
       Summon Ice Beast  |       |       |     1 ||     1
  Use: Scroll            |       |     9 |       ||     9
 Stab: Sleeping          |     5 |     8 |       ||    13
       Distracted        |       |     1 |     1 ||     2
Armor: Robe              |    13 |    79 |     1 ||    93
Dodge: Dodged            |    60 |   169 |     2 ||   231

Table legend:
 A = Non-vault XP
 B = Vault XP
 C = Vault XP percentage of total XP
 D = Non-vault monster count
 E = Vault monster count
 F = Vault count percentage of total count
                 A         B        C        D         E       F
            +---------+---------+-------+---------+---------+-------
      Total |     436 |     319 |  42.3 |      82 |      14 |  14.6
            +---------+---------+-------+---------+---------+-------
        D:1 |      16 |       0 |   0.0 |      12 |       0 |   0.0
        D:2 |     117 |       0 |   0.0 |      33 |       0 |   0.0
        D:3 |     200 |      29 |  12.7 |      28 |       1 |   3.4
        D:4 |      98 |     124 |  55.9 |       7 |       1 |  12.5
        D:5 |       5 |      94 |  94.9 |       2 |       1 |  33.3
    Ossuary |       0 |      72 | 100.0 |       0 |      11 | 100.0
            +---------+---------+-------+---------+---------+-------
